Boston Bruins vs Tampa Bay Lightning
Created - Monday, March 17, 2025 at 09:03
Goals
|
| Boston Bruins |
1 |
0 |
0 |
1 |
| Tampa Bay Lightning |
2 |
0 |
1 |
3 |
|
Shots
|
| Boston Bruins |
13 |
21 |
6 |
40 |
| Tampa Bay Lightning |
19 |
6 |
5 |
30 |
|
1st period
1. Tampa Bay Lightning , Jamie Benn 8 (Brent Burns 8, Roope Hintz 16) at 8:13 (PP)
2. Tampa Bay Lightning , Gustav Nyquist 5 (Kirill Kaprizov 17) at 13:43
3. Boston Bruins , Alex Newhook 9 (Vincent Trocheck 24, Ryan Lindgren 12) at 13:55
Penalties :
Ryan Lindgren (BOS) for Cross-checking (Minor) at 0:22, Michael Matheson (TBL) for Roughing (Minor) at 5:27, Connor Clifton (BOS) for Holding (Minor) at 7:59, Evander Kane (BOS) for Roughing (Minor) at 16:14, Connor Clifton (BOS) for Interference (Minor) at 0:00
2nd period
No Goal
Penalties :
Jonathan Huberdeau (TBL) for Goalie Interference (Minor) at 17:51
3rd period
4. Tampa Bay Lightning , Jamie Benn 9 (Trevor Moore 9, Tyler Myers 2) at 0:56
Penalties :
John Ludvig (BOS) for High sticking (Minor) at 0:59, Trevor Moore (TBL) for Holding (Minor) at 18:26
Goalie Stats
Petr Mrazek (BOS), 27 saves from 30 shots - (0.900), L, 10-6-1, 60:00 minutes
Darcy Kuemper (TBL), 39 saves from 40 shots - (0.975), W, 19-6-1, 60:00 minutes
Players Stats for Boston Bruins
Player Name G A P +/- PIM S H SB GA TA FO MP PP MP PK MP
------------------------------------------------------------------------------------
Alex Newhook 1 0 1 1 0 6 0 0 0 1 1/2 16:38 2:52 0:00
Anders Lee 0 0 0 -1 0 3 0 1 1 0 0/1 10:51 0:00 0:00
Andrew Copp 0 0 0 0 0 2 1 0 2 0 5/14 19:59 2:39 4:01
Angus Crookshank 0 0 0 -1 0 1 0 0 0 0 0/0 8:15 0:00 0:00
Connor Clifton 0 0 0 0 4 0 0 1 0 0 0/0 20:27 2:35 3:44
Eetu Luostarinen 0 0 0 -1 0 4 0 0 0 0 2/6 8:15 0:00 0:00
Evander Kane 0 0 0 0 2 2 1 1 0 0 1/1 16:01 2:39 0:00
Joel Farabee 0 0 0 0 0 3 0 0 1 0 0/3 20:14 2:39 4:10
John Ludvig 0 0 0 0 2 1 0 1 0 0 0/0 14:42 0:12 1:30
John-Jason Peterka 0 0 0 -1 0 1 0 0 1 0 0/1 8:15 0:00 0:00
Matthew Beniers 0 0 0 -1 0 2 0 1 0 1 5/14 10:51 0:00 0:00
Morgan Geekie 0 0 0 -1 0 2 1 0 1 0 0/1 10:51 0:00 0:00
Ryan Lindgren 0 1 1 -1 2 1 1 3 0 1 0/0 24:51 2:44 2:57
Ryan Strome 0 0 0 1 0 4 2 0 0 0 3/8 20:55 2:52 4:10
Torey Krug 0 0 0 -1 0 2 1 3 0 2 0/0 26:00 2:44 4:06
Ty Emberson 0 0 0 0 0 0 1 1 0 1 0/0 20:49 2:35 4:05
Vincent Trocheck 0 1 1 1 0 6 1 1 0 0 8/19 20:40 2:52 4:01
Yegor Zamula 0 0 0 0 0 0 0 0 0 0 0/0 13:11 0:12 0:00
Players Stats for Tampa Bay Lightning
Player Name G A P +/- PIM S H SB GA TA FO MP PP MP PK MP
------------------------------------------------------------------------------------
Anze Kopitar 0 0 0 1 0 4 1 1 0 0 17/25 20:58 4:12 2:39
Brent Burns 0 1 1 0 0 0 0 0 0 1 0/0 20:12 4:07 0:52
Darnell Nurse 0 0 0 1 0 0 3 2 0 0 0/0 21:07 4:07 2:52
Dylan Cozens 0 0 0 0 0 0 1 0 0 0 0/0 9:40 0:00 2:39
Filip Forsberg 0 0 0 -1 0 2 5 0 2 0 1/1 17:47 4:12 0:00
Gustav Nyquist 1 0 1 1 0 4 0 0 0 0 1/2 14:03 0:00 0:00
Hampus Lindholm 0 0 0 0 0 0 0 3 0 1 0/0 15:23 0:00 0:11
Jamie Benn 2 0 2 1 0 2 1 1 0 0 8/12 15:29 3:59 0:00
Jason Dickinson 0 0 0 0 0 1 1 0 1 0 5/7 9:35 0:00 2:34
Jonathan Huberdeau 0 0 0 1 2 0 1 1 0 0 0/2 11:24 0:00 0:00
Jordan Martinook 0 0 0 0 0 0 0 1 0 1 0/0 7:01 0:00 0:00
Kirill Kaprizov 0 1 1 1 0 2 3 0 2 1 0/0 19:02 4:12 0:34
Michael Matheson 0 0 0 0 2 2 0 3 0 0 0/0 22:55 4:04 2:00
Moritz Seider 0 0 0 0 0 1 0 1 0 0 0/0 23:44 4:04 2:28
Roope Hintz 0 1 1 -1 0 3 0 1 0 0 13/19 17:40 3:59 0:00
Travis Konecny 0 0 0 -1 0 4 1 2 1 0 0/2 18:39 3:59 0:50
Trevor Moore 0 1 1 1 2 5 0 0 0 1 0/0 13:05 0:00 1:46
Tyler Myers 0 1 1 1 0 0 1 0 0 1 0/0 16:42 0:00 2:39
3 Stars
1 - Darcy Kuemper (TBL)
2 - Jamie Benn (TBL)
3 - Gustav Nyquist (TBL)
Power Play
Boston Bruins - 0 on 3 Attempt(s) - 0.00%
Tampa Bay Lightning - 1 on 5 Attempt(s) - 20.00%
Penalty Kill
Boston Bruins - 4 on 5 Attempt(s) - 80.00%
- Score 0 goal in Penalty Kill
Tampa Bay Lightning - 3 on 3 Attempt(s) - 100.00%
- Score 0 goal in Penalty Kill
Team Stat
Boston Bruins - Hits : 9 - Faceoff Wins : 25 - Blocked Shots : 13 - Penalty Minutes : 10
Tampa Bay Lightning - Hits : 18 - Faceoff Wins : 45 - Blocked Shots : 16 - Penalty Minutes : 6
Official
Referees : Wes Mccauley and Justin Kea
Linesman : Travis Gawryletz and Andrew Smith
Game Notes
No Game Note
Finance
Level 1 -- Attendance: 6000 (100.00%) -- Ticket Income $570,000
Level 2 -- Attendance: 4595 (91.90%) -- Ticket Income $252,725
Level 3 -- Attendance: 2769 (92.30%) -- Ticket Income $88,608
Level 4 -- Attendance: 4671 (93.42%) -- Ticket Income $102,762
Luxury Box -- Attendance: 1000 (100.00%) -- Ticket Income $193,000
Game was played at the Tampa Bay Times Forum.
Total Attendance: 19035 (95.18%)
Total Ticket Income: $1,207,095
Other Income: $422,483
Total Income: $1,629,578
Boston Bruins
5 vs 5 Forward
Center Left Wing Right Wing Time % Phy DF OF
1 Vincent Trocheck Alex Newhook Ryan Strome 30 1 2 2
2 Andrew Copp Evander Kane Joel Farabee 30 1 2 2
3 Matthew Beniers Anders Lee Morgan Geekie 25 1 2 2
4 Eetu Luostarinen Angus Crookshank John-Jason Peterka 15 1 2 2
5 vs 5 Defense
Defense Defense Time % Phy DF OF
1 Torey Krug Ryan Lindgren 30 1 2 2
2 Connor Clifton Ty Emberson 30 1 2 2
3 Yegor Zamula John Ludvig 25 1 2 2
4 Torey Krug Ryan Lindgren 15 1 2 2
PowerPlay Forward
Center Left Wing Right Wing Time % Phy DF OF
1 Vincent Trocheck Alex Newhook Ryan Strome 50 1 2 2
2 Andrew Copp Evander Kane Joel Farabee 50 1 2 2
PowerPlay Defense
Defense Defense Time % Phy DF OF
1 Torey Krug Ryan Lindgren 50 1 2 2
2 Connor Clifton Ty Emberson 50 1 2 2
Penalty Kill 4 Players Forward
Center Wing Time % Phy DF OF
1 Vincent Trocheck Andrew Copp 50 1 2 2
2 Ryan Strome Joel Farabee 50 1 2 2
Penalty Kill 4 Players Defense
Defense Defense Time % Phy DF OF
1 Torey Krug Ryan Lindgren 50 1 2 2
2 Connor Clifton Ty Emberson 50 1 2 2
Penalty Kill - 3 Players Forward
Forward Time % Phy DF OF
1 Vincent Trocheck 50 1 2 2
2 Ryan Strome 50 1 2 2
Penalty Kill - 3 Players Defense
Defense Defense Time % Phy DF OF
1 Torey Krug Ryan Lindgren 50 1 2 2
2 Connor Clifton Ty Emberson 50 1 2 2
4 vs 4 Forward
Center Wing Time % Phy DF OF
1 Vincent Trocheck Anders Lee 50 1 2 2
2 Ryan Strome Joel Farabee 50 1 2 2
4 vs 4 Defense
Defense Defense Time % Phy DF OF
1 Torey Krug John Ludvig 50 1 2 2
2 Connor Clifton Ty Emberson 50 1 2 2
Last Minutes Offensive
Center Left Wing Right Wing Defense Defense
Vincent Trocheck Alex Newhook Ryan Strome Torey Krug Ryan Lindgren
Last Minutes Defensive
Center Left Wing Right Wing Defense Defense
Vincent Trocheck Alex Newhook Ryan Strome Torey Krug Ryan Lindgren
Goaltenders
Starting : Petr Mrazek
Backup : Pyotr Kochetkov
Extra Forwards
Normal : Matthew Beniers, Anders Lee, Morgan Geekie - PP : Matthew Beniers, Anders Lee - PK : Morgan Geekie
Extra Defensemen
Normal : Torey Krug, John Ludvig, Connor Clifton - PP : Torey Krug - PK : John Ludvig, Connor Clifton
Penalty Shots
Vincent Trocheck, Matthew Beniers, Ryan Strome, Joel Farabee, Andrew Copp
Scratches
Anthony Beauvillier (Healthy), Drew O'Connor (Healthy), Alex Vlasic (Healthy), Beck Malenstyn (Healthy), Viktor Arvidsson (Healthy)
Tampa Bay Lightning
5 vs 5 Forward
Center Left Wing Right Wing Time % Phy DF OF
1 Anze Kopitar Kirill Kaprizov Gustav Nyquist 34 0 2 3
2 Roope Hintz Travis Konecny Filip Forsberg 33 0 3 2
3 Jamie Benn Trevor Moore Jonathan Huberdeau 28 0 2 3
4 Jason Dickinson Dylan Cozens Jordan Martinook 5 0 2 3
5 vs 5 Defense
Defense Defense Time % Phy DF OF
1 Moritz Seider Brent Burns 36 1 3 1
2 Michael Matheson Hampus Lindholm 34 1 3 1
3 Darnell Nurse Tyler Myers 30 1 3 1
4 Moritz Seider Michael Matheson 0 1 2 2
PowerPlay Forward
Center Left Wing Right Wing Time % Phy DF OF
1 Anze Kopitar Kirill Kaprizov Filip Forsberg 50 1 2 2
2 Roope Hintz Jamie Benn Travis Konecny 50 1 2 2
PowerPlay Defense
Defense Defense Time % Phy DF OF
1 Michael Matheson Moritz Seider 50 1 2 2
2 Brent Burns Darnell Nurse 50 1 2 2
Penalty Kill 4 Players Forward
Center Wing Time % Phy DF OF
1 Jason Dickinson Trevor Moore 50 1 2 2
2 Anze Kopitar Dylan Cozens 50 1 2 2
Penalty Kill 4 Players Defense
Defense Defense Time % Phy DF OF
1 Moritz Seider Tyler Myers 50 1 2 2
2 Michael Matheson Darnell Nurse 50 1 2 2
Penalty Kill - 3 Players Forward
Forward Time % Phy DF OF
1 Anze Kopitar 50 1 2 2
2 Jason Dickinson 50 1 2 2
Penalty Kill - 3 Players Defense
Defense Defense Time % Phy DF OF
1 Michael Matheson Darnell Nurse 50 1 2 2
2 Moritz Seider Tyler Myers 50 1 2 2
4 vs 4 Forward
Center Wing Time % Phy DF OF
1 Jamie Benn Travis Konecny 50 1 2 2
2 Anze Kopitar Roope Hintz 50 1 2 2
4 vs 4 Defense
Defense Defense Time % Phy DF OF
1 Michael Matheson Moritz Seider 50 1 2 2
2 Brent Burns Tyler Myers 50 1 2 2
Last Minutes Offensive
Center Left Wing Right Wing Defense Defense
Anze Kopitar Kirill Kaprizov Filip Forsberg Michael Matheson Moritz Seider
Last Minutes Defensive
Center Left Wing Right Wing Defense Defense
Anze Kopitar Jason Dickinson Travis Konecny Moritz Seider Hampus Lindholm
Goaltenders
Starting : Darcy Kuemper
Backup : Jeremy Swayman
Extra Forwards
Normal : Travis Konecny, Filip Forsberg, Jamie Benn - PP : Jonathan Huberdeau, Trevor Moore - PK : Travis Konecny
Extra Defensemen
Normal : Darnell Nurse, Michael Matheson, Moritz Seider - PP : Moritz Seider - PK : Brent Burns, Darnell Nurse
Penalty Shots
Trevor Moore, Filip Forsberg, Kirill Kaprizov, Gustav Nyquist, Jonathan Huberdeau
Scratches
None
% Time on Ice - Boston Bruins
Lines # - Real PCT - Wanted PCT - Time Play
Normal Forward
1 - 30% - 30% - 13:47
2 - 29% - 30% - 13:25
3 - 23% - 25% - 10:51
4 - 18% - 15% - 8:15
Normal Defense
1 - 30% - 30% - 13:58
2 - 31% - 30% - 14:09
3 - 28% - 25% - 12:59
4 - 11% - 15% - 5:12
PP Forward
1 - 52% - 50% - 2:52
2 - 48% - 50% - 2:39
PP Defense
1 - 50% - 50% - 2:44
2 - 50% - 50% - 2:47
PK Forward
1 - 49% - 50% - 4:01
2 - 51% - 50% - 4:10
PK Defense
1 - 50% - 50% - 4:06
2 - 50% - 50% - 4:05
PK3 Forward
1 - 0% - 50%
2 - 0% - 50%
PK3 Defense
1 - 0% - 50%
2 - 0% - 50%
44 Forward
1 - 0% - 50%
2 - 0% - 50%
44 Defense
1 - 0% - 50%
2 - 0% - 50%
Last Minute Offensive - 0:00
Last Minute Defensive - 0:00
Total
Forward - 60:00
Defense - 60:00
|
% Time on Ice - Tampa Bay Lightning
Lines # - Real PCT - Wanted PCT - Time Play
Normal Forward
1 - 31% - 34% - 14:16
2 - 30% - 33% - 13:41
3 - 24% - 28% - 11:20
4 - 15% - 5% - 7:01
Normal Defense
1 - 37% - 36% - 17:12
2 - 33% - 34% - 15:12
3 - 30% - 30% - 13:54
4 - 0% - 0% - 0:00
PP Forward
1 - 51% - 50% - 4:12
2 - 49% - 50% - 3:59
PP Defense
1 - 50% - 50% - 4:04
2 - 50% - 50% - 4:07
PK Forward
1 - 52% - 50% - 2:52
2 - 48% - 50% - 2:39
PK Defense
1 - 45% - 50% - 2:28
2 - 55% - 50% - 3:03
PK3 Forward
1 - 0% - 50%
2 - 0% - 50%
PK3 Defense
1 - 0% - 50%
2 - 0% - 50%
44 Forward
1 - 0% - 50%
2 - 0% - 50%
44 Defense
1 - 0% - 50%
2 - 0% - 50%
Last Minute Offensive - 0:00
Last Minute Defensive - 0:00
Total
Forward - 60:00
Defense - 60:00
|
Play-by-Play
1st period
0:01 of 1st period - Anze Kopitar wins face-off versus Vincent Trocheck in neutral zone.
0:08 of 1st period - Wrist shot by Gustav Nyquist.
0:08 of 1st period - Shot Misses the Net.
0:10 of 1st period - Snap shot by Anze Kopitar.
0:10 of 1st period - Stopped by Petr Mrazek with a rebound.
0:12 of 1st period - Snap shot by Anze Kopitar.
0:12 of 1st period - Shot Misses the Net.
0:22 of 1st period - Minor Penalty to Ryan Lindgren for Cross-checking.
0:23 of 1st period - Vincent Trocheck wins face-off versus Anze Kopitar in Boston Bruins zone.
0:31 of 1st period - Off-side.
0:32 of 1st period - Ryan Strome wins face-off versus Anze Kopitar in neutral zone.
0:37 of 1st period - Wrist shot by Kirill Kaprizov.
0:37 of 1st period - Shot Misses the Net.
0:39 of 1st period - Slapshot by Anze Kopitar.
0:39 of 1st period - Shot Blocked by Torey Krug.
0:51 of 1st period - Wrist shot by Kirill Kaprizov.
0:51 of 1st period - Shot Blocked by Torey Krug.
1:19 of 1st period - Snap shot by Filip Forsberg.
1:19 of 1st period - Shot Hit the Post.
1:21 of 1st period - Slapshot by Moritz Seider.
1:21 of 1st period - Deflect By Andrew Copp.
1:21 of 1st period - Stopped by Petr Mrazek without a rebound.
1:22 of 1st period - Roope Hintz wins face-off versus Ryan Strome in Boston Bruins zone.
1:23 of 1st period - Snap shot by Travis Konecny.
1:23 of 1st period - Deflect By Jamie Benn.
1:23 of 1st period - Shot Blocked by Torey Krug.
1:23 of 1st period - Puck is out of play.
1:24 of 1st period - Roope Hintz wins face-off versus Ryan Strome in Boston Bruins zone.
2:22 of 1st period - Penalty to Ryan Lindgren is over, Ryan Lindgren is back on ice.
2:59 of 1st period - Slapshot by Jamie Benn.
2:59 of 1st period - Shot Blocked by Matthew Beniers.
3:34 of 1st period - Off-side.
3:35 of 1st period - Andrew Copp wins face-off versus Jason Dickinson in neutral zone.
4:02 of 1st period - Snap shot by Kirill Kaprizov.
4:02 of 1st period - Shot Misses the Net.
4:29 of 1st period - Wrist shot by Joel Farabee.
4:29 of 1st period - Stopped by Darcy Kuemper with a rebound.
4:31 of 1st period - Wrist shot by Joel Farabee.
4:31 of 1st period - Shot Misses the Net.
4:33 of 1st period - Snap shot by John Ludvig.
4:33 of 1st period - Deflect By Roope Hintz.
4:33 of 1st period - Stopped by Darcy Kuemper with a rebound.
4:56 of 1st period - Wrist shot by Vincent Trocheck.
4:56 of 1st period - Shot Misses the Net.
5:27 of 1st period - Minor Penalty to Michael Matheson for Roughing.
5:28 of 1st period - Jason Dickinson wins face-off versus Vincent Trocheck in Tampa Bay Lightning zone.
7:27 of 1st period - Penalty to Michael Matheson is over, Michael Matheson is back on ice.
7:59 of 1st period - Minor Penalty to Connor Clifton for Holding.
8:00 of 1st period - Roope Hintz wins face-off versus Vincent Trocheck in Boston Bruins zone.
8:07 of 1st period - Wrist shot by Roope Hintz.
8:07 of 1st period - Shot Blocked by Ryan Lindgren.
8:09 of 1st period - Slapshot by Brent Burns.
8:09 of 1st period - Shot Blocked by Ryan Lindgren.
8:11 of 1st period - Slapshot by Brent Burns.
8:11 of 1st period - Shot Blocked by Ryan Lindgren.
8:13 of 1st period - Wrist shot by Jamie Benn.
8:13 of 1st period - Goal by Jamie Benn - Boston Bruins : 0 - Tampa Bay Lightning : 1.
8:14 of 1st period - Roope Hintz wins face-off versus Vincent Trocheck in neutral zone.
8:17 of 1st period - Wrist shot by Travis Konecny.
8:17 of 1st period - Shot Misses the Net.
8:45 of 1st period - Snap shot by Joel Farabee.
8:45 of 1st period - Stopped by Darcy Kuemper without a rebound.
8:46 of 1st period - Anze Kopitar wins face-off versus Andrew Copp in Tampa Bay Lightning zone.
9:10 of 1st period - Snap shot by Andrew Copp.
9:10 of 1st period - Shot Blocked by Darnell Nurse.
9:12 of 1st period - Wrist shot by Ryan Lindgren.
9:12 of 1st period - Shot Misses the Net.
9:14 of 1st period - Wrist shot by Andrew Copp.
9:14 of 1st period - Shot Misses the Net.
9:16 of 1st period - Wrist shot by Andrew Copp.
9:16 of 1st period - Deflect By Joel Farabee.
9:16 of 1st period - Shot Misses the Net.
9:16 of 1st period - Puck is out of play.
9:17 of 1st period - Vincent Trocheck wins face-off versus Jamie Benn in Tampa Bay Lightning zone.
9:30 of 1st period - Slapshot by Alex Newhook.
9:30 of 1st period - Stopped by Darcy Kuemper without a rebound.
9:31 of 1st period - Roope Hintz wins face-off versus Matthew Beniers in Tampa Bay Lightning zone.
9:45 of 1st period - Slapshot by Travis Konecny.
9:45 of 1st period - Stopped by Petr Mrazek without a rebound.
9:46 of 1st period - Jamie Benn wins face-off versus Vincent Trocheck in Boston Bruins zone.
11:18 of 1st period - Snap shot by Alex Newhook.
11:18 of 1st period - Stopped by Darcy Kuemper with a rebound.
11:20 of 1st period - Snap shot by John Ludvig.
11:20 of 1st period - Shot Blocked by Michael Matheson.
11:22 of 1st period - Wrist shot by Ryan Strome.
11:22 of 1st period - Shot Misses the Net.
11:26 of 1st period - Wrist shot by Vincent Trocheck.
11:26 of 1st period - Stopped by Darcy Kuemper with a rebound.
11:28 of 1st period - Wrist shot by Alex Newhook.
11:28 of 1st period - Shot Misses the Net.
11:42 of 1st period - Snap shot by Roope Hintz.
11:42 of 1st period - Stopped by Petr Mrazek with a rebound.
11:44 of 1st period - Wrist shot by Roope Hintz.
11:44 of 1st period - Deflect By Filip Forsberg.
11:44 of 1st period - Stopped by Petr Mrazek with a rebound.
11:46 of 1st period - Snap shot by Filip Forsberg.
11:46 of 1st period - Shot Misses the Net.
12:02 of 1st period - Wrist shot by Joel Farabee.
12:02 of 1st period - Shot Misses the Net.
12:22 of 1st period - Torey Krug is hit by Dylan Cozens and loses puck.
12:28 of 1st period - Ryan Lindgren is hit by Darnell Nurse.
12:44 of 1st period - Backhand shot by Jason Dickinson.
12:44 of 1st period - Shot Hit the Post.
12:46 of 1st period - Slapshot by Darnell Nurse.
12:46 of 1st period - Shot Misses the Net.
12:48 of 1st period - Wrist shot by Jamie Benn.
12:48 of 1st period - Shot Blocked by Vincent Trocheck.
12:50 of 1st period - Snap shot by Trevor Moore.
12:50 of 1st period - Stopped by Petr Mrazek with a rebound.
12:52 of 1st period - Wrist shot by Trevor Moore.
12:52 of 1st period - Shot Misses the Net.
12:54 of 1st period - Wrist shot by Jonathan Huberdeau.
12:54 of 1st period - Deflect By Trevor Moore.
12:54 of 1st period - Stopped by Petr Mrazek without a rebound.
12:55 of 1st period - Andrew Copp wins face-off versus Roope Hintz in Boston Bruins zone.
12:55 of 1st period - Andrew Copp is hit by Travis Konecny.
13:29 of 1st period - Wrist shot by Anze Kopitar.
13:29 of 1st period - Stopped by Petr Mrazek with a rebound.
13:31 of 1st period - Snap shot by Anze Kopitar.
13:31 of 1st period - Stopped by Petr Mrazek without a rebound.
13:32 of 1st period - Anze Kopitar wins face-off versus Matthew Beniers in Boston Bruins zone.
13:41 of 1st period - Wrist shot by Kirill Kaprizov.
13:41 of 1st period - Stopped by Petr Mrazek with a rebound.
13:43 of 1st period - Snap shot by Gustav Nyquist.
13:43 of 1st period - Goal by Gustav Nyquist - Boston Bruins : 0 - Tampa Bay Lightning : 2.
13:44 of 1st period - Roope Hintz wins face-off versus Vincent Trocheck in neutral zone.
13:55 of 1st period - Slapshot by Alex Newhook.
13:55 of 1st period - Goal by Alex Newhook - Boston Bruins : 1 - Tampa Bay Lightning : 2.
13:56 of 1st period - Jamie Benn wins face-off versus Matthew Beniers in neutral zone.
13:59 of 1st period - Slapshot by Jamie Benn.
13:59 of 1st period - Shot Misses the Net.
14:01 of 1st period - Wrist shot by Moritz Seider.
14:01 of 1st period - Shot Misses the Net.
14:03 of 1st period - Snap shot by Trevor Moore.
14:03 of 1st period - Stopped by Petr Mrazek with a rebound.
14:05 of 1st period - Snap shot by Jamie Benn.
14:05 of 1st period - Shot Misses the Net.
14:07 of 1st period - Snap shot by Trevor Moore.
14:07 of 1st period - Stopped by Petr Mrazek with a rebound.
14:28 of 1st period - Wrist shot by Vincent Trocheck.
14:28 of 1st period - Shot Misses the Net.
15:02 of 1st period - Wrist shot by Roope Hintz.
15:02 of 1st period - Stopped by Petr Mrazek without a rebound.
15:03 of 1st period - Anze Kopitar wins face-off versus Andrew Copp in Boston Bruins zone.
15:12 of 1st period - Wrist shot by Anze Kopitar.
15:12 of 1st period - Stopped by Petr Mrazek with a rebound.
15:14 of 1st period - Snap shot by Kirill Kaprizov.
15:14 of 1st period - Shot Misses the Net.
15:34 of 1st period - Snap shot by Matthew Beniers.
15:34 of 1st period - Stopped by Darcy Kuemper without a rebound.
15:35 of 1st period - Jamie Benn wins face-off versus Anders Lee in Tampa Bay Lightning zone.
15:49 of 1st period - Slapshot by Matthew Beniers.
15:49 of 1st period - Shot Misses the Net.
15:51 of 1st period - Wrist shot by Matthew Beniers.
15:51 of 1st period - Deflect By Morgan Geekie.
15:51 of 1st period - Stopped by Darcy Kuemper without a rebound.
15:52 of 1st period - Anze Kopitar wins face-off versus Andrew Copp in Tampa Bay Lightning zone.
16:14 of 1st period - Minor Penalty to Evander Kane for Roughing.
16:15 of 1st period - Roope Hintz wins face-off versus Ryan Strome in Boston Bruins zone.
16:16 of 1st period - Snap shot by Travis Konecny.
16:16 of 1st period - Shot Misses the Net.
16:30 of 1st period - Snap shot by Travis Konecny.
16:30 of 1st period - Stopped by Petr Mrazek without a rebound.
16:31 of 1st period - Ryan Strome wins face-off versus Anze Kopitar in Boston Bruins zone.
17:06 of 1st period - Wrist shot by Travis Konecny.
17:06 of 1st period - Deflect By Roope Hintz.
17:06 of 1st period - Stopped by Petr Mrazek with a rebound.
18:14 of 1st period - Penalty to Evander Kane is over, Evander Kane is back on ice.
18:32 of 1st period - Snap shot by Anders Lee.
18:32 of 1st period - Stopped by Darcy Kuemper without a rebound.
18:33 of 1st period - Eetu Luostarinen wins face-off versus Jamie Benn in Tampa Bay Lightning zone.
19:35 of 1st period - Wrist shot by Andrew Copp.
19:35 of 1st period - Deflect By Joel Farabee.
19:35 of 1st period - Stopped by Darcy Kuemper without a rebound.
19:36 of 1st period - Roope Hintz wins face-off versus Joel Farabee in Tampa Bay Lightning zone.
19:43 of 1st period - Wrist shot by Evander Kane.
19:43 of 1st period - Stopped by Darcy Kuemper without a rebound.
19:44 of 1st period - Vincent Trocheck wins face-off versus Anze Kopitar in Tampa Bay Lightning zone.
19:45 of 1st period - Slapshot by Alex Newhook.
19:45 of 1st period - Stopped by Darcy Kuemper without a rebound.
19:46 of 1st period - Anze Kopitar wins face-off versus Vincent Trocheck in Tampa Bay Lightning zone.
19:46 of 1st period - Anze Kopitar is hit by Ty Emberson.
19:58 of 1st period - Backhand shot by Gustav Nyquist.
19:58 of 1st period - Stopped by Petr Mrazek without a rebound.
19:59 of 1st period - Andrew Copp wins face-off versus Roope Hintz in Boston Bruins zone.
0:00 of 2nd period - Minor Penalty to Connor Clifton for Interference.
Goals for this period are 1 for Boston Bruins vs 2 for Tampa Bay Lightning.
Shots for this period are 13 for Boston Bruins vs 19 for Tampa Bay Lightning.
2nd period
0:01 of 2nd period - Ryan Strome wins face-off versus Travis Konecny in neutral zone.
0:08 of 2nd period - Wrist shot by Joel Farabee.
0:08 of 2nd period - Shot Blocked by Travis Konecny.
0:49 of 2nd period - Slapshot by Roope Hintz.
0:49 of 2nd period - Shot Misses the Net.
0:51 of 2nd period - Snap shot by Travis Konecny.
0:51 of 2nd period - Stopped by Petr Mrazek without a rebound.
0:52 of 2nd period - Anze Kopitar wins face-off versus Ryan Strome in Boston Bruins zone.
2:00 of 2nd period - Penalty to Connor Clifton is over, Connor Clifton is back on ice.
2:15 of 2nd period - Wrist shot by Dylan Cozens.
2:15 of 2nd period - Deflect By Morgan Geekie.
2:15 of 2nd period - Shot Blocked by Anders Lee.
2:15 of 2nd period - Puck is out of play.
2:16 of 2nd period - Jason Dickinson wins face-off versus Eetu Luostarinen in Boston Bruins zone.
2:29 of 2nd period - Icing by Jason Dickinson.
2:30 of 2nd period - Andrew Copp wins face-off versus Jason Dickinson in Tampa Bay Lightning zone.
3:09 of 2nd period - Snap shot by Ryan Strome.
3:09 of 2nd period - Stopped by Darcy Kuemper without a rebound.
3:10 of 2nd period - Anze Kopitar wins face-off versus Matthew Beniers in Tampa Bay Lightning zone.
3:15 of 2nd period - Slapshot by Michael Matheson.
3:15 of 2nd period - Stopped by Petr Mrazek with a rebound.
3:37 of 2nd period - Vincent Trocheck is hit by Filip Forsberg and loses puck.
4:36 of 2nd period - Tyler Myers is hit by Morgan Geekie and loses puck.
4:48 of 2nd period - Icing by Tyler Myers.
4:49 of 2nd period - Vincent Trocheck wins face-off versus Anze Kopitar in Tampa Bay Lightning zone.
4:58 of 2nd period - Slapshot by Alex Newhook.
4:58 of 2nd period - Stopped by Darcy Kuemper with a rebound.
5:20 of 2nd period - Wrist shot by Morgan Geekie.
5:20 of 2nd period - Stopped by Darcy Kuemper with a rebound.
5:42 of 2nd period - Evander Kane is hit by Filip Forsberg.
5:54 of 2nd period - John Ludvig is hit by Tyler Myers and loses puck.
6:13 of 2nd period - Wrist shot by Eetu Luostarinen.
6:13 of 2nd period - Stopped by Darcy Kuemper without a rebound.
6:14 of 2nd period - Jamie Benn wins face-off versus Vincent Trocheck in Tampa Bay Lightning zone.
6:49 of 2nd period - Off-side.
6:50 of 2nd period - Matthew Beniers wins face-off versus Travis Konecny in neutral zone.
6:53 of 2nd period - Snap shot by Matthew Beniers.
6:53 of 2nd period - Stopped by Darcy Kuemper without a rebound.
6:54 of 2nd period - Roope Hintz wins face-off versus Joel Farabee in Tampa Bay Lightning zone.
6:54 of 2nd period - Roope Hintz is hit by Evander Kane.
7:06 of 2nd period - Snap shot by Andrew Copp.
7:06 of 2nd period - Stopped by Darcy Kuemper with a rebound.
7:08 of 2nd period - Snap shot by Andrew Copp.
7:08 of 2nd period - Shot Misses the Net.
7:10 of 2nd period - Slapshot by Torey Krug.
7:10 of 2nd period - Stopped by Darcy Kuemper without a rebound.
7:11 of 2nd period - Anze Kopitar wins face-off versus Vincent Trocheck in Tampa Bay Lightning zone.
7:28 of 2nd period - Snap shot by Alex Newhook.
7:28 of 2nd period - Stopped by Darcy Kuemper without a rebound.
7:29 of 2nd period - Roope Hintz wins face-off versus Joel Farabee in Tampa Bay Lightning zone.
7:38 of 2nd period - Slapshot by Filip Forsberg.
7:38 of 2nd period - Deflect By Travis Konecny.
7:38 of 2nd period - Shot Blocked by Ty Emberson.
7:38 of 2nd period - Puck is out of play.
7:39 of 2nd period - Roope Hintz wins face-off versus Andrew Copp in Boston Bruins zone.
8:03 of 2nd period - Icing by Roope Hintz.
8:04 of 2nd period - Vincent Trocheck wins face-off versus Roope Hintz in Tampa Bay Lightning zone.
8:07 of 2nd period - Snap shot by Alex Newhook.
8:07 of 2nd period - Shot Blocked by Travis Konecny.
8:09 of 2nd period - Snap shot by Alex Newhook.
8:09 of 2nd period - Shot Misses the Net.
8:11 of 2nd period - Slapshot by Torey Krug.
8:11 of 2nd period - Stopped by Darcy Kuemper without a rebound.
8:12 of 2nd period - Vincent Trocheck wins face-off versus Jonathan Huberdeau in Tampa Bay Lightning zone.
8:43 of 2nd period - Snap shot by Anders Lee.
8:43 of 2nd period - Stopped by Darcy Kuemper without a rebound.
8:44 of 2nd period - Matthew Beniers wins face-off versus Gustav Nyquist in Tampa Bay Lightning zone.
8:49 of 2nd period - Wrist shot by Anders Lee.
8:49 of 2nd period - Shot Blocked by Michael Matheson.
8:59 of 2nd period - Wrist shot by Gustav Nyquist.
8:59 of 2nd period - Deflect By Matthew Beniers.
8:59 of 2nd period - Stopped by Petr Mrazek without a rebound.
9:00 of 2nd period - Roope Hintz wins face-off versus Andrew Copp in Boston Bruins zone.
9:34 of 2nd period - Snap shot by Vincent Trocheck.
9:34 of 2nd period - Shot Misses the Net.
9:36 of 2nd period - Slapshot by Ryan Strome.
9:36 of 2nd period - Stopped by Darcy Kuemper without a rebound.
9:37 of 2nd period - Eetu Luostarinen wins face-off versus Anze Kopitar in Tampa Bay Lightning zone.
9:54 of 2nd period - Wrist shot by Kirill Kaprizov.
9:54 of 2nd period - Stopped by Petr Mrazek with a rebound.
10:16 of 2nd period - Slapshot by Ryan Strome.
10:16 of 2nd period - Stopped by Darcy Kuemper without a rebound.
10:17 of 2nd period - Jamie Benn wins face-off versus Andrew Copp in Tampa Bay Lightning zone.
10:26 of 2nd period - Wrist shot by Jonathan Huberdeau.
10:26 of 2nd period - Shot Blocked by Evander Kane.
10:28 of 2nd period - Backhand shot by Jamie Benn.
10:28 of 2nd period - Shot Misses the Net.
10:30 of 2nd period - Slapshot by Trevor Moore.
10:30 of 2nd period - Stopped by Petr Mrazek with a rebound.
10:32 of 2nd period - Slapshot by Brent Burns.
10:32 of 2nd period - Deflect By Jonathan Huberdeau.
10:32 of 2nd period - Shot Hit the Post.
10:32 of 2nd period - Puck is out of play.
10:33 of 2nd period - Gustav Nyquist wins face-off versus Matthew Beniers in Boston Bruins zone.
11:33 of 2nd period - Wrist shot by Andrew Copp.
11:33 of 2nd period - Stopped by Darcy Kuemper with a rebound.
11:36 of 2nd period - Icing by Michael Matheson.
11:37 of 2nd period - Matthew Beniers wins face-off versus Jamie Benn in Tampa Bay Lightning zone.
11:38 of 2nd period - Wrist shot by Morgan Geekie.
11:38 of 2nd period - Shot Misses the Net.
11:40 of 2nd period - Slapshot by Torey Krug.
11:40 of 2nd period - Shot Blocked by Jamie Benn.
11:42 of 2nd period - Snap shot by Anders Lee.
11:42 of 2nd period - Stopped by Darcy Kuemper with a rebound.
11:44 of 2nd period - Slapshot by Matthew Beniers.
11:44 of 2nd period - Shot Misses the Net.
11:46 of 2nd period - Slapshot by Torey Krug.
11:46 of 2nd period - Shot Blocked by Hampus Lindholm.
11:48 of 2nd period - Snap shot by Ryan Lindgren.
11:48 of 2nd period - Stopped by Darcy Kuemper with a rebound.
11:50 of 2nd period - Snap shot by Morgan Geekie.
11:50 of 2nd period - Shot Misses the Net.
11:52 of 2nd period - Slapshot by Torey Krug.
11:52 of 2nd period - Shot Misses the Net.
12:21 of 2nd period - Off-side.
12:22 of 2nd period - Anze Kopitar wins face-off versus Alex Newhook in neutral zone.
12:31 of 2nd period - Snap shot by Vincent Trocheck.
12:31 of 2nd period - Stopped by Darcy Kuemper with a rebound.
12:33 of 2nd period - Slapshot by Ty Emberson.
12:33 of 2nd period - Shot Blocked by Anze Kopitar.
12:35 of 2nd period - Wrist shot by Ryan Strome.
12:35 of 2nd period - Stopped by Darcy Kuemper with a rebound.
12:37 of 2nd period - Slapshot by Connor Clifton.
12:37 of 2nd period - Shot Blocked by Darnell Nurse.
12:39 of 2nd period - Snap shot by Vincent Trocheck.
12:39 of 2nd period - Stopped by Darcy Kuemper without a rebound.
12:40 of 2nd period - Evander Kane wins face-off versus Roope Hintz in Tampa Bay Lightning zone.
12:55 of 2nd period - Moritz Seider is hit by Ryan Lindgren and loses puck.
13:38 of 2nd period - Off-side.
13:39 of 2nd period - Anze Kopitar wins face-off versus Eetu Luostarinen in neutral zone.
13:44 of 2nd period - Wrist shot by John-Jason Peterka.
13:44 of 2nd period - Stopped by Darcy Kuemper with a rebound.
13:46 of 2nd period - Slapshot by Angus Crookshank.
13:46 of 2nd period - Stopped by Darcy Kuemper with a rebound.
14:04 of 2nd period - Joel Farabee is hit by Filip Forsberg.
14:50 of 2nd period - Snap shot by John-Jason Peterka.
14:50 of 2nd period - Shot Misses the Net.
14:52 of 2nd period - Wrist shot by Eetu Luostarinen.
14:52 of 2nd period - Shot Misses the Net.
14:54 of 2nd period - Snap shot by Eetu Luostarinen.
14:54 of 2nd period - Shot Misses the Net.
14:56 of 2nd period - Wrist shot by Eetu Luostarinen.
14:56 of 2nd period - Shot Blocked by Hampus Lindholm.
14:58 of 2nd period - Wrist shot by John-Jason Peterka.
14:58 of 2nd period - Shot Misses the Net.
15:00 of 2nd period - Slapshot by Eetu Luostarinen.
15:00 of 2nd period - Shot Misses the Net.
15:02 of 2nd period - Snap shot by Eetu Luostarinen.
15:02 of 2nd period - Stopped by Darcy Kuemper without a rebound.
15:03 of 2nd period - Anze Kopitar wins face-off versus Matthew Beniers in Tampa Bay Lightning zone.
15:37 of 2nd period - Snap shot by Travis Konecny.
15:37 of 2nd period - Stopped by Petr Mrazek with a rebound.
15:39 of 2nd period - Snap shot by Roope Hintz.
15:39 of 2nd period - Shot Misses the Net.
15:41 of 2nd period - Snap shot by Moritz Seider.
15:41 of 2nd period - Shot Blocked by John Ludvig.
16:13 of 2nd period - Wrist shot by John-Jason Peterka.
16:13 of 2nd period - Shot Misses the Net.
16:50 of 2nd period - Andrew Copp is hit by Filip Forsberg and loses puck.
17:19 of 2nd period - Vincent Trocheck is hit by Jason Dickinson and loses puck.
17:40 of 2nd period - Torey Krug is hit by Kirill Kaprizov and loses puck.
17:48 of 2nd period - Icing by Torey Krug.
17:49 of 2nd period - Jamie Benn wins face-off versus Morgan Geekie in Boston Bruins zone.
17:51 of 2nd period - Minor Penalty to Jonathan Huberdeau for Goalie Interference.
17:52 of 2nd period - Anze Kopitar wins face-off versus Andrew Copp in Tampa Bay Lightning zone.
17:58 of 2nd period - Slapshot by Moritz Seider.
17:58 of 2nd period - Shot Hit the Post.
19:02 of 2nd period - Darnell Nurse is hit by Vincent Trocheck and loses puck.
19:51 of 2nd period - Penalty to Jonathan Huberdeau is over, Jonathan Huberdeau is back on ice.
Goals for this period are 0 for Boston Bruins vs 0 for Tampa Bay Lightning.
Shots for this period are 21 for Boston Bruins vs 6 for Tampa Bay Lightning.
3rd period
0:01 of 3rd period - Filip Forsberg wins face-off versus Vincent Trocheck in neutral zone.
0:56 of 3rd period - Snap shot by Jamie Benn.
0:56 of 3rd period - Goal by Jamie Benn - Boston Bruins : 1 - Tampa Bay Lightning : 3.
0:57 of 3rd period - Matthew Beniers wins face-off versus Roope Hintz in neutral zone.
0:59 of 3rd period - Minor Penalty to John Ludvig for High sticking.
1:00 of 3rd period - Anze Kopitar wins face-off versus Ryan Strome in Boston Bruins zone.
1:23 of 3rd period - Icing by Brent Burns.
1:24 of 3rd period - Vincent Trocheck wins face-off versus Anze Kopitar in Tampa Bay Lightning zone.
1:37 of 3rd period - Snap shot by Roope Hintz.
1:37 of 3rd period - Shot Blocked by Connor Clifton.
1:39 of 3rd period - Snap shot by Travis Konecny.
1:39 of 3rd period - Shot Misses the Net.
2:59 of 3rd period - Penalty to John Ludvig is over, John Ludvig is back on ice.
3:28 of 3rd period - Snap shot by Eetu Luostarinen.
3:28 of 3rd period - Stopped by Darcy Kuemper with a rebound.
3:30 of 3rd period - Snap shot by John-Jason Peterka.
3:30 of 3rd period - Shot Blocked by Moritz Seider.
3:32 of 3rd period - Snap shot by Eetu Luostarinen.
3:32 of 3rd period - Shot Blocked by Jonathan Huberdeau.
3:34 of 3rd period - Wrist shot by Eetu Luostarinen.
3:34 of 3rd period - Deflect By Angus Crookshank.
3:34 of 3rd period - Shot Misses the Net.
3:34 of 3rd period - Puck is out of play.
3:35 of 3rd period - Anze Kopitar wins face-off versus John-Jason Peterka in Tampa Bay Lightning zone.
3:58 of 3rd period - Wrist shot by Evander Kane.
3:58 of 3rd period - Deflect By Filip Forsberg.
3:58 of 3rd period - Stopped by Darcy Kuemper without a rebound.
3:59 of 3rd period - Roope Hintz wins face-off versus Andrew Copp in Tampa Bay Lightning zone.
4:41 of 3rd period - Moritz Seider is hit by Andrew Copp and loses puck.
4:54 of 3rd period - Snap shot by Andrew Copp.
4:54 of 3rd period - Deflect By Evander Kane.
4:54 of 3rd period - Shot Blocked by Roope Hintz.
4:54 of 3rd period - Puck is out of play.
4:55 of 3rd period - Vincent Trocheck wins face-off versus Anze Kopitar in Tampa Bay Lightning zone.
5:02 of 3rd period - Wrist shot by Vincent Trocheck.
5:02 of 3rd period - Shot Blocked by Hampus Lindholm.
5:04 of 3rd period - Slapshot by Ryan Strome.
5:04 of 3rd period - Shot Blocked by Michael Matheson.
5:06 of 3rd period - Slapshot by Ryan Strome.
5:06 of 3rd period - Shot Misses the Net.
5:19 of 3rd period - Icing by Michael Matheson.
5:20 of 3rd period - Matthew Beniers wins face-off versus Jamie Benn in Tampa Bay Lightning zone.
6:05 of 3rd period - Yegor Zamula is hit by Kirill Kaprizov and loses puck.
6:38 of 3rd period - Wrist shot by Eetu Luostarinen.
6:38 of 3rd period - Deflect By John-Jason Peterka.
6:38 of 3rd period - Shot Misses the Net.
6:38 of 3rd period - Puck is out of play.
6:39 of 3rd period - Jason Dickinson wins face-off versus Eetu Luostarinen in Tampa Bay Lightning zone.
7:15 of 3rd period - Wrist shot by Jason Dickinson.
7:15 of 3rd period - Shot Misses the Net.
7:34 of 3rd period - Off-side.
7:35 of 3rd period - Anze Kopitar wins face-off versus Vincent Trocheck in neutral zone.
8:01 of 3rd period - Ty Emberson is hit by Jonathan Huberdeau and loses puck.
8:10 of 3rd period - Snap shot by Matthew Beniers.
8:10 of 3rd period - Shot Misses the Net.
10:52 of 3rd period - Vincent Trocheck is hit by Anze Kopitar and loses puck.
11:03 of 3rd period - Snap shot by Gustav Nyquist.
11:03 of 3rd period - Stopped by Petr Mrazek with a rebound.
11:13 of 3rd period - Vincent Trocheck is hit by Jamie Benn and loses puck.
11:38 of 3rd period - Wrist shot by Alex Newhook.
11:38 of 3rd period - Shot Misses the Net.
11:40 of 3rd period - Snap shot by Ryan Strome.
11:40 of 3rd period - Shot Blocked by Jordan Martinook.
11:42 of 3rd period - Snap shot by Vincent Trocheck.
11:42 of 3rd period - Stopped by Darcy Kuemper without a rebound.
11:43 of 3rd period - Anze Kopitar wins face-off versus Matthew Beniers in Tampa Bay Lightning zone.
11:56 of 3rd period - Slapshot by Kirill Kaprizov.
11:56 of 3rd period - Shot Misses the Net.
12:18 of 3rd period - Andrew Copp is hit by Filip Forsberg and loses puck.
12:32 of 3rd period - Off-side.
12:33 of 3rd period - Jason Dickinson wins face-off versus Eetu Luostarinen in neutral zone.
12:36 of 3rd period - Eetu Luostarinen is hit by Darnell Nurse and loses puck.
12:45 of 3rd period - Snap shot by Jason Dickinson.
12:45 of 3rd period - Shot Misses the Net.
12:47 of 3rd period - Wrist shot by Jason Dickinson.
12:47 of 3rd period - Stopped by Petr Mrazek with a rebound.
12:49 of 3rd period - Snap shot by Jason Dickinson.
12:49 of 3rd period - Shot Misses the Net.
12:59 of 3rd period - Joel Farabee is hit by Kirill Kaprizov and loses puck.
13:46 of 3rd period - Slapshot by Alex Newhook.
13:46 of 3rd period - Deflect By Vincent Trocheck.
13:46 of 3rd period - Stopped by Darcy Kuemper without a rebound.
13:47 of 3rd period - Alex Newhook wins face-off versus Jonathan Huberdeau in Tampa Bay Lightning zone.
14:28 of 3rd period - Snap shot by Vincent Trocheck.
14:28 of 3rd period - Stopped by Darcy Kuemper without a rebound.
14:29 of 3rd period - Andrew Copp wins face-off versus Roope Hintz in Tampa Bay Lightning zone.
14:36 of 3rd period - Snap shot by Joel Farabee.
14:36 of 3rd period - Shot Misses the Net.
14:46 of 3rd period - Snap shot by Roope Hintz.
14:46 of 3rd period - Shot Misses the Net.
15:31 of 3rd period - Wrist shot by Michael Matheson.
15:31 of 3rd period - Stopped by Petr Mrazek with a rebound.
15:53 of 3rd period - Wrist shot by Eetu Luostarinen.
15:53 of 3rd period - Shot Misses the Net.
15:55 of 3rd period - Backhand shot by John-Jason Peterka.
15:55 of 3rd period - Shot Misses the Net.
16:13 of 3rd period - Wrist shot by Eetu Luostarinen.
16:13 of 3rd period - Stopped by Darcy Kuemper without a rebound.
16:14 of 3rd period - Jamie Benn wins face-off versus Matthew Beniers in Tampa Bay Lightning zone.
16:53 of 3rd period - Tyler Myers is hit by Ryan Strome and loses puck.
17:08 of 3rd period - Wrist shot by Roope Hintz.
17:08 of 3rd period - Shot Misses the Net.
17:10 of 3rd period - Wrist shot by Filip Forsberg.
17:10 of 3rd period - Stopped by Petr Mrazek without a rebound.
17:11 of 3rd period - Jamie Benn wins face-off versus Matthew Beniers in Boston Bruins zone.
17:36 of 3rd period - Kirill Kaprizov is hit by Ryan Strome and loses puck.
18:26 of 3rd period - Minor Penalty to Trevor Moore for Holding.
18:27 of 3rd period - Jason Dickinson wins face-off versus Andrew Copp in Tampa Bay Lightning zone.
18:37 of 3rd period - Darnell Nurse is hit by Torey Krug.
18:57 of 3rd period - Vincent Trocheck is hit by Darnell Nurse and loses puck.
Goals for this period are 0 for Boston Bruins vs 1 for Tampa Bay Lightning.
Shots for this period are 6 for Boston Bruins vs 5 for Tampa Bay Lightning.
Back to the Top